 Dungeon Crawl Stone Soup version 0.29.1-2-gbd0b4ee654 (webtiles) character file.

Game seed: 17563897497544945172

766 cdecastro the Destroyer (level 7, -4/36 HPs)
             Began as a Deep Elf Conjurer on Nov 21, 2022.
             Slain by an iguana (14 damage)
             ... on level 5 of the Dungeon on Nov 22, 2022.
             The game lasted 00:14:23 (5631 turns).

cdecastro the Destroyer (Deep Elf Conjurer)         Turns: 5631, Time: 00:14:24

Health: -4/36      AC:  2    Str:  4    XL:     7   Next: 52%
Magic:  7/15       EV: 12    Int: 25    God:
Gold:   261        SH:  0    Dex: 13    Spells: 7/14 levels left

rFire   . . .      SeeInvis .   y - +1 trident (vorpal)
rCold   . . .      Faith    .   (no shield)
rNeg    . . .      Spirit   .   a - +0 robe
rPois   .          Reflect  .   (no helmet)
rElec   .          Harm     .   (no cloak)
rCorr   .          Rampage  .   (no gloves)
Will    .....                   (no boots)
Stlth   ++........              (no amulet)
HPRegen 0.12/turn               (no ring)
MPRegen 0.14/turn               (no ring)

@: no status effects
A: no striking features
a: no special abilities


You were on level 5 of the Dungeon.
You visited 1 branch of the dungeon, and saw 5 of its levels.
You also visited: Sewer.

You collected 261 gold pieces.

Inventory:

Hand Weapons
 d - a +0 dagger
 g - a +0 sling
 y - a +1 vorpal trident (weapon)
Missiles
 i - 18 poisoned darts
 w - 2 curare-tipped darts
Armour
 a - a +0 robe (worn)
 j - a +2 leather armour of cold resistance
 k - a +0 pair of boots
 A - a +0 cloak
Jewellery
 m - a ring of wizardry
 s - a ring of protection from cold
 D - a ring of flight
Scrolls
 c - 2 scrolls of amnesia {unknown}
 l - 10 scrolls of identify {unknown}
 p - 4 scrolls of teleportation {unknown}
 q - a scroll of magic mapping {unknown}
 r - a scroll of butterflies {unknown}
 t - a scroll of brand weapon {unknown}
 u - 2 scrolls of vulnerability {unknown}
 v - a scroll of immolation {unknown}
 x - a scroll of fear {unknown}
 C - a scroll of acquirement {unknown}
 E - a scroll of silence {unknown}
Potions
 b - 2 potions of magic
 e - a potion of haste {unknown}
 f - 2 potions of might {unknown}
 h - 2 potions of curing {unknown}
 n - a potion of berserk rage {unknown}
 o - 2 potions of mutation {unknown}
 z - a potion of resistance {unknown}
 B - a potion of lignification {unknown}


   Skills:
 - Level 2.4 Dodging
 - Level 2.4 Stealth
 + Level 4.1 Spellcasting
 - Level 10.0 Conjurations


You had 7 spell levels left.
You knew the following spells:

 Your Spells              Type           Power      Damage    Failure   Level
a - Magic Dart            Conj           100%       1d8       1%          1
b - Searing Ray           Conj           100%       2d8       1%          2
c - Fulminant Prism       Conj/Hex       15%        3d11      12%         4

Your spell library contained the following spells:

 Spells                   Type           Power      Damage    Failure   Level
 Dazzling Flash           Conj/Hex       60%        N/A       3%          3
 Iskenderun's Mystic Bla  Conj/Tloc      30%        2d8       12%         4
 Gell's Gravitas          Tloc           5%         N/A       26%         3
 Teleport Other           Tloc           5%         N/A       26%         3
 Dispersal                Tloc           2%         N/A       100%        6


Dungeon Overview and Level Annotations

Branches:
Dungeon (5/15)              Sewer (visited)
 Temple: D:4-7

Altars:
Hepliaklqana

Shops:
D:2 [

Annotations:
D:4 2 runed translucent doors, gdog's ghost, amateur GnDe


Message History

An iguana is nearby!
An iguana is nearby!
Casting: Magic Dart (safe; 1% risk of failure)
Confirm with . or Enter, or press ? or * to list all spells.
You can't see any susceptible monsters within range! (Use Z to cast anyway.) Unknown command.
Found a stone staircase leading up.
Casting: Magic Dart (safe; 1% risk of failure)
Confirm with . or Enter, or press ? or * to list all spells.
Aiming: Searing Ray (safe; 1% risk of failure)
Press: ? - help, Shift-Dir - straight line, f - iguana
Aim: an iguana (85% to hit)
The searing ray misses the iguana. (Press . to maintain the ray.) Unknown command.
The searing ray hits the iguana but does no damage.
The searing ray hits the iguana.
The iguana is lightly wounded.
The iguana bites you!
The searing ray hits the iguana.
The iguana is heavily wounded.
You finish channelling your searing ray.
The iguana barely misses you. The iguana bites you!
* * * LOW HITPOINT WARNING * * *
Casting: Searing Ray (safe; 1% risk of failure)
Confirm with . or Enter, or press ? or * to list all spells.
Aiming: Searing Ray (safe; 1% risk of failure)
Press: ? - help, Shift-Dir - straight line, f/p - iguana
Aim: an iguana (heavily wounded, 85% to hit)
The searing ray hits the iguana but does no damage.
The iguana is heavily wounded. (Press . to maintain the ray.)
The iguana bites you.
* * * LOW HITPOINT WARNING * * *
The searing ray hits the iguana.
The iguana is severely wounded.
The iguana closely misses you.
The searing ray misses the iguana.
The iguana bites you!
You die...

....##.# .<... #.#.##.#
... ##......# ...
#.......# ... #....##.#
#.# ##.....#.# #.#
#........# #l#
##.....#<# #.#.###@#
#....##.# ........####
#.......#
..#........######.#####
.....#####........#
..... ########## ####


You could see an iguana.

Vanquished Creatures
  A black bear (D:4)
  An ogre (D:4)
  3 kobold brigands (Sewer)
  A gnoll bouda (D:4)
  An iguana (D:4)
  An orc wizard (D:3)
  3 gnolls (D:4)
  8 adders
  5 river rats (Sewer)
  4 worms (D:3)
  4 dart slugs
  7 orcs
  20 ball pythons
  4 bats
  7 endoplasms
  4 giant cockroaches
  7 hobgoblins
  6 quokkas
  7 frilled lizards
  7 goblins
  24 kobolds
  28 rats
153 creatures vanquished.

Notes
Turn   | Place    | Note
-------+----------+-------------------------------------------
     0 | D:1      | cdecastro the Deep Elf Conjurer began the quest for the
                  | Orb.
     0 | D:1      | Reached XP level 1. HP: 10/10 MP: 6/6
   233 | D:1      | Reached XP level 2. HP: 13/15 MP: 4/8
   312 | D:1      | Found a faded altar of an unknown god.
   314 | D:1      | Reached skill level 5 in Conjurations
   409 | D:1      | Learned a level 2 spell: Searing Ray
   917 | D:1      | Reached XP level 3. HP: 19/19 MP: 1/9
  1504 | D:2      | Reached skill level 6 in Conjurations
  1684 | D:2      | Reached XP level 4. HP: 24/24 MP: 10/10
  2068 | D:2      | Found Iraez's Antique Armour Shoppe.
  2598 | D:3      | Found a glowing drain.
  2682 | Sewer    | Entered a sewer
  2708 | Sewer    | Learned a level 4 spell: Fulminant Prism
  2812 | Sewer    | Noticed a kobold brigand
  2823 | Sewer    | Killed a kobold brigand
  2824 | Sewer    | Reached skill level 7 in Conjurations
  2824 | Sewer    | Reached XP level 5. HP: 4/28 MP: 1/11
  3400 | Sewer    | Reached skill level 8 in Conjurations
  3400 | Sewer    | Reached XP level 6. HP: 28/32 MP: 6/12
  4163 | D:3      | Reached skill level 9 in Conjurations
  4796 | D:4      | Reached XP level 7. HP: 36/36 MP: 7/13
  5211 | D:4      | Reached skill level 10 in Conjurations
  5388 | D:4      | Found a large runed translucent door.
  5388 | D:4      | Found a large runed translucent door.
  5401 | D:4      | Noticed gdog's ghost (amateur GnDe)
  5491 | D:4      | Found a hazy altar of Hepliaklqana.
  5604 | D:5      | Entered Level 5 of the Dungeon
  5631 | D:5      | Slain by an iguana

Illustrated notes

Levels and vault maps discovered:
D:1:      erik_arrival_cave_to_civilisation [erik_arrival_cave_to_hall],
          layout_loops_ring, dreamdust_ecumenical_altar_hidden_monk_grotto
D:2:      layout_loops_ring, serial_glass, glass_columns_a, glass_columns_c,
          serial_shops, shop, minmay_randomly_rotated_circles
D:3:      layout_rooms, serial_glass, glass_columns_c, glass_columns_a,
          cheibrodos_sewer_entry_bend, kennysheep_cross_room
D:4:      layout_rooms, lemuel_doored_altar, ebering_ghost_disaster_area
D:5:      layout_loops_cross, mainiacjoe_overflow_alcove_1, uniq_pikel

Skill      XL: |  1  2  3  4  5  6  7 |
---------------+----------------------+-----
Conjurations   | 5 6 7 8 9 10 | 10.0
Spellcasting   | 4 |  4.1
Dodging        | |  2.4
Stealth        | |  2.4

Action                   |  1- 3 |  4- 6 |  7- 9 || total
-------------------------+-------+-------+-------++-------
Melee: Dagger            |     4 |    13 |       ||    17
       Trident           |       |     4 |       ||     4
 Cast: Magic Dart        |    56 |    74 |    17 ||   147
       Searing Ray       |     7 |    41 |    12 ||    60
 Stab: Sleeping          |     1 |       |       ||     1
Armor: Robe              |     3 |     7 |       ||    10
Dodge: Dodged            |     4 |    29 |     2 ||    35
